 Dungeon Crawl Stone Soup version 0.31.0-12-g77e489cdc1 (webtiles) character file.

Game seed: 4219289349856930610

20507 Tovical the Zephyrmancer (level 12, -4/79 HPs)
             Began as a Tengu Air Elementalist on Mar 7, 2024.
             Was a Believer of Vehumet.
             Slain by an elephant (8 damage)
             ... on level 4 of the Lair of Beasts.
             The game lasted 01:45:24 (16741 turns).

Tovical the Zephyrmancer (Tengu Air Elementalist)  Turns: 16741, Time: 01:45:26

Health: -4/79      AC:  3    Str:  9    XL:     12   Next: 80%
Magic:  11/27      EV: 16    Int: 18    God:    Vehumet [**....]
Gold:   522        SH:  0    Dex: 20    Spells: 10/31 levels left

rFire   . . .        G - +3 hand axe (vamp)
rCold   + . .        (no shield)
rNeg    . . .        l - +0 troll leather armour {Pargi}
rPois   +            (helmet restricted)
rElec   .            (no cloak)
rCorr   .            (no gloves)
SInv    .            (boots unavailable)
Will    ++...        j - amulet of Esude {Faith Rampage +Blink Fly}
Stlth   ++++         i - ring of protection from cold
HPRegen 1.13/turn    c - ring "Fateaz" {rPois Will++ Int-2 Dex+5}
MPRegen 0.20/turn

%: acrobat, rampage, faith
@: sluggish, about to teleport, flying, very slow
A: beak, talons 3, evasive flight, acrobatic
a: Renounce Religion, Evoke Blink


You were on level 4 of the Lair of Beasts.
You worshipped Vehumet.
Vehumet was pleased with you.
You visited 3 branches of the dungeon, and saw 16 of its levels.
You also visited: Sewer.

You collected 652 gold pieces.
You spent 130 gold pieces at shops.

Inventory:

Hand Weapons
 A - a +2 short sword of protection
 G - a +3 vampiric hand axe (weapon)
Armour
 l - a +0 troll leather armour (worn) {Pargi}
 D - the +0 buckler of Bujidinn {Regen+}
   (You found it on level 4 of the Lair of Beasts)

   Regen+:    It increases your rate of health regeneration.
Jewellery
 c - the ring "Fateaz" (right hand) {rPois Will++ Int-2 Dex+5}
   (You found it on level 6 of the Dungeon)

   [ring of poison resistance]

   Int-2:     It affects your intelligence (-2).
   Dex+5:     It affects your dexterity (+5).
   rPois:     It protects you from poison Will++: It greatly increases your
   willpower.
 f - a ring of poison resistance
 i - a ring of protection from cold (left hand)
 j - the amulet of Esude (around neck) {Faith Rampage +Blink Fly}
   (You acquired it on level 4 of the Dungeon)

   [amulet of faith]

   Faith:     It allows you to gain divine favour quickly.
   Fly:       It grants you flight.
   +Blink:    It lets you blink.
   Rampage:   It bestows one free step when moving towards enemies.
 w - a +4 ring of protection
 x - a ring of fire
 z - a ring of see invisible
 E - a ring of protection from fire
 F - a ring of positive energy
Wands
 a - a wand of charming (3)
 s - a wand of polymorph (5)
 u - a wand of iceblast (9)
 y - a wand of mindburst (12)
Scrolls
 h - a scroll of teleportation
 m - 4 scrolls of identify
 o - a scroll of vulnerability
 q - a scroll of revelation
 t - a scroll of fear
 v - 2 scrolls of silence
 B - a scroll of fog
 C - 2 scrolls of amnesia
Potions
 b - a potion of magic
 d - 3 potions of ambrosia
 e - 2 potions of brilliance
 g - 2 potions of haste
 k - 4 potions of curing
 n - 2 potions of enlightenment
 r - 5 potions of mutation


   Skills:
 + Level 10.8 Fighting
 - Level 2.5 Dodging
 - Level 8.0 Stealth
 + Level 10.3 Spellcasting
 - Level 8.0 Conjurations
 + Level 14.6 Air Magic


You had 10 spell levels left.
You knew the following spells:

 Your Spells              Type           Power      Damage    Failure   Level
a - Shock                 Conj/Air       100%       1d9       1%          1
b - Static Discharge      Conj/Air       100%       3-8/arc   1%          2
c - Searing Ray           Conj           76%        2d7       1%          2
d - Swiftness             Air            58%        N/A       1%          3
e - Airstrike             Air            29%        2d(5-21)  1%          4
f - Foxfire               Conj/Fire      92%        2x1d8     2%          1
g - Scorch                Fire           18%        2d5       17%         2
h - Dazzling Flash        Conj/Hex       46%        N/A       6%          3
i - Hailstorm             Conj/Ice       23%        3d7       6%          3

Your spell library contained the following spells:

 Spells                   Type           Power      Damage    Failure   Level
 Magic Dart               Conj           100%       1d8       1%          1
 Freeze                   Ice            36%        1d5       11%         1
 Fulminant Prism          Conj/Alch      11%        3d8       22%         4
 Iskenderun's Mystic Bla  Conj/Tloc      23%        2d6       22%         4
 Call Canine Familiar     Summ           9%         N/A       32%         3
 Frozen Ramparts          Ice            18%        1d3       32%         3
 Sigil of Binding         Hex            9%         N/A       32%         3
 Tukima's Dance           Hex            9%         N/A       32%         3
 Volatile Blastmotes      Fire/Tloc      18%        2d11      32%         3
 Dimensional Bullseye     Hex/Tloc       4%         N/A       73%         4
 Maxwell's Capacitive Co  Air            29%        ∞         87%         8
 Starburst                Conj/Fire      11%        6d5       97%         6


Dungeon Overview and Level Annotations

Branches:
Dungeon (10/15)            Temple (1/1) D:7            Lair (5/5) D:8
  Swamp (0/4) Lair:3        Snake (0/4) Lair:2        Sewer (visited)
  Slime: Lair:4-5       Orc: D:9-12

Altars:
Dithmenos
Elyvilon
Fedhas
Gozag
Hepliaklqana
Kikubaaqudgha
Makhleb
Nemelex Xobeh
Okawaru
Qazlal
Ru
Sif Muna
Uskayaw
Vehumet
Wu Jian
Xom
Yredelemnul
Zin
The Shining One

Shops:
D:5 !   D:8 =

Annotations:
D:5 exclusion: door
Lair:3 spaghetti's ghost, journeyman NaCK


Innate Abilities, Weirdness & Mutations

You have a beak for a mouth.
You have claws for feet.
Your magical flight helps you evade attacks. (EV +4)
You can magically evade attacks while moving or waiting.


Message History

You slash the bullfrog!
You feel better.
You kill the bullfrog!
Vehumet accepts your kill. The elephant attacks as it pursues you!
The elephant closely misses you. The elephant misses you.
The blink frog croaks.
You feel sluggish. The blink frog closely misses you. The blink frog hits you!
The blink frog blinks!
The elephant attacks as it pursues you! The elephant closely misses you.
The elephant trunk-slaps you. The elephant misses you.
The elephant completely misses you.
You rampage towards the blink frog!
The blink frog completely misses you. x2
The blink frog misses you.
The four-headed hydra roars!
You rampage towards the elephant!
You hit the elephant.
You feel better.
Your kick misses the elephant.
The elephant is lightly wounded.
You hit the elephant.
You feel better.
You closely miss the blink frog. You barely miss the blink frog.
You hit the blink frog but do no damage.
You hear a howl!
The blink frog barely misses you. x2; The elephant barely misses you.
The elephant closely misses you. The blink frog hits you!
The elephant misses you. x2
The four-headed hydra attacks as it pursues you!
The four-headed hydra bites you.
The four-headed hydra closely misses you.
The four-headed hydra barely misses you.
The four-headed hydra misses you. The blink frog barely misses you.
The blink frog closely misses you. The elephant tramples you!
You are shoved backwards!
As you read the scroll of teleportation, it crumbles to dust.
You feel strangely unstable.
The blink frog blinks!
The blink frog hits you. The four-headed hydra bites you!
The four-headed hydra bites you. x2
* * * LOW HITPOINT WARNING * * *
The four-headed hydra bites you!
* * * LOW HITPOINT WARNING * * *
The elephant tramples you!
You die...

## ###.###########
#.####.#....#.#.##.##
....................#
................... #
#........###..#... .
##.###.§....#####PP...# #
##....#FF....#...PPPP...
.
.......DYY.......P.P#..#
##....#@F.........P##..P
. #....##Y....##....P#..#
.#. . ##.
#.#.....##....P#.Y# #...
..#
#+##.......#.#..###.Y#
.... ....
...........##...#.Y..
....
##..+#..................P
....
#.....##................#
.... ....
#l#................# ....
#...#.##...............#


You could see a four-headed hydra, 3 elephants and 3 blink frogs.

Vanquished Creatures
  2 hydras
  A two-headed ogre (D:9)
  Sonja (Lair:3)
  A skyshark (Lair:4)
  A necromancer (Lair:2)
  5 elephants
  2 black mambas (Lair:1)
  7 cane toads
  5 rime drakes
  5 komodo dragons
  2 polar bears
  3 blink frogs (Lair:2)
  A shadow (D:9)
  13 yaks
  A basilisk (Lair:4)
  2 wyverns
  2 steam dragons (D:7)
  Eustachio (D:4)
  Edmund (D:6)
  A hydra simulacrum (Lair:3)
  10 water moccasins
  Pargi (Sewer)
  2 sky beasts
  An orc warrior (D:9)
  6 black bears
  A black mamba simulacrum (Lair:3)
  5 wolves
  2 centaurs
  A kobold brigand (D:8)
  A brain worm (Sewer)
  11 bullfrogs
  A skyshark simulacrum (Lair:3)
  A cane toad simulacrum (Lair:3)
  A scorpion (D:5)
  6 wights
  2 blink frog simulacra (Lair:3)
  21 killer bees
  2 howler monkeys
  An electric eel (D:9)
  3 jellies
  3 bombardier beetles
  An orc priest (D:4)
  4 hounds
  2 gnoll boudas
  3 sleepcaps
  Ijyb (D:4)
  4 iguanas
  6 orc wizards
  2 polar bear simulacra (Lair:2)
  4 wolf simulacra (Lair:2)
  10 adders
  8 gnolls
  A river rat (Lair:2)
  2 white imps
  4 ufetubi
  2 ribbon worms (D:5)
  5 dart slugs
  24 orcs
  8 bats
  12 endoplasms
  A giant cockroach (D:4)
  8 goblins
  9 hobgoblins
  4 jackals
  9 kobolds
  2 quokkas
  15 ball pythons
  8 frilled lizards
  4 goblin zombies (D:8)
  A hobgoblin zombie (D:8)
  An orc skeleton (D:8)
  11 rats
  5 river rat simulacra (Lair:2)
  A spectral orc (D:4)
321 creatures vanquished.

Vanquished Creatures (collateral kills)
  An orc wizard (D:6)
  3 orcs
4 creatures vanquished.

Vanquished Creatures (others)
  6 foxfires (Lair:2)
6 creatures vanquished.

Grand Total: 331 creatures vanquished

Notes
Turn   | Place    | Note
-------+----------+-------------------------------------------
     0 | D:1      | Tovical the Tengu Air Elementalist began the quest for the
                  | Orb.
     0 | D:1      | Reached XP level 1. HP: 10/10 MP: 4/4
   183 | D:1      | Reached XP level 2. HP: 15/15 MP: 0/6
   507 | D:1      | Found a faded altar of an unknown god.
   549 | D:1      | Reached XP level 3. HP: 19/19 MP: 2/7
  1475 | D:2      | Learned a level 2 spell: Static Discharge
  1507 | D:2      | Reached XP level 4. HP: 24/24 MP: 8/8
  2041 | D:2      | Reached skill level 1 in Fighting
  2553 | D:3      | Reached XP level 5. HP: 29/29 MP: 7/10
  2582 | D:3      | Reached skill level 5 in Air Magic
  2754 | D:3      | Found a sparkling altar of Nemelex Xobeh.
  3102 | D:5      | Entered Level 5 of the Dungeon
  3135 | D:5      | Found a basalt altar of Yredelemnul.
  3135 | D:5      | Noticed a weeping skull
  3195 | D:5      | Noticed a water moccasin
  3215 | D:5      | Found a glowing drain.
  3310 | Sewer    | Entered a sewer
  3411 | Sewer    | Reached XP level 6. HP: 35/35 MP: 8/11
  3509 | Sewer    | Noticed Pargi
  3529 | Sewer    | Killed Pargi
  3909 | D:4      | Found an opulent altar of Gozag.
  4102 | D:4      | Reached skill level 6 in Air Magic
  4251 | D:4      | Gained mutation: Your magical flight helps you evade
                  | attacks. (EV +4) [Tengu growth]
  4251 | D:4      | Reached XP level 7. HP: 40/40 MP: 10/13
  4462 | D:4      | Noticed Ijyb
  4469 | D:4      | Killed Ijyb
  4579 | D:4      | Noticed Eustachio
  4601 | D:4      | Killed Eustachio
  4602 | D:4      | Reached skill level 5 in Conjurations
  4926 | D:4      | Found a hazy altar of Hepliaklqana.
  5256 | D:4      | Identified a scroll of acquirement
  5256 | D:4      | Acquired the amulet of Esude {Faith Rampage +Blink Fly}
  5329 | D:5      | Found a shimmering blue altar of Sif Muna.
  5436 | D:5      | Found a hide-covered altar of Uskayaw.
  5436 | D:5      | Noticed a +0 short sword
  5436 | D:5      | Noticed a +0 dagger
  5438 | D:5      | Noticed a +0 short sword
  5438 | D:5      | Noticed a +0 dagger
  5438 | D:5      | Noticed a +0 spear
  5439 | D:5      | Noticed a +0 spear
  5439 | D:5      | Noticed a +0 falchion
  5440 | D:5      | Noticed a +0 falchion
  5498 | D:5      | Reached skill level 7 in Air Magic
  5498 | D:5      | Reached XP level 8. HP: 44/48 MP: 15/15
  5744 | D:5      | Found Xila's Distillery.
  5747 | D:5      | Bought a potion of heal wounds for 65 gold pieces
  5747 | D:5      | Bought a potion of heal wounds for 65 gold pieces
  6052 | D:5      | Reached skill level 5 in Spellcasting
  6052 | D:5      | Reached skill level 8 in Air Magic
  6424 | D:6      | Reached skill level 5 in Fighting
  6437 | D:6      | Reached XP level 9. HP: 53/54 MP: 15/17
  6482 | D:6      | Identified the ring "Fateaz" {rPois Will++ Int-2 Dex+5}
  6671 | D:6      | Noticed Edmund
  6686 | D:6      | Killed Edmund
  6844 | D:6      | Found a sacrificial altar of Ru.
  6932 | D:6      | Found a shimmering altar of Xom.
  7015 | D:6      | Reached skill level 9 in Air Magic
  7636 | D:7      | Found a staircase to the Ecumenical Temple.
  7652 | Temple   | Entered the Ecumenical Temple
  8540 | D:8      | Reached skill level 10 in Air Magic
  8540 | D:8      | Reached XP level 10. HP: 61/61 MP: 15/20
  8784 | D:7      | Learned a level 2 spell: Searing Ray
  8788 | D:7      | Learned a level 3 spell: Swiftness
  8793 | D:7      | Learned a level 4 spell: Airstrike
  9062 | D:8      | Found a staircase to the Lair.
  9074 | D:8      | Found Limmaix's Jewellery Emporium.
  9244 | D:8      | Found a glowing golden altar of the Shining One.
  9293 | D:8      | Reached skill level 5 in Stealth
  9608 | D:8      | Found a blossoming altar of Fedhas.
  9663 | D:9      | Noticed a two-headed ogre
  9668 | D:9      | Killed a two-headed ogre
  9669 | D:9      | Reached skill level 11 in Air Magic
  9788 | D:9      | Found a white marble altar of Elyvilon.
 10207 | D:9      | Noticed a seven-headed hydra
 10211 | D:9      | Killed a seven-headed hydra
 10212 | D:9      | Reached XP level 11. HP: 68/68 MP: 6/23
 10527 | D:10     | Entered Level 10 of the Dungeon
 10567 | D:9      | Found Evvuarch's Serpentskin Sales.
 10616 | D:9      | Found a shadowy altar of Dithmenos.
 10620 | D:9      | Found a radiant altar of Vehumet.
 10636 | D:9      | Became a worshipper of Vehumet
 11153 | Lair:1   | Entered Level 1 of the Lair of Beasts
 11511 | Lair:1   | Reached skill level 12 in Air Magic
 12345 | Lair:2   | Found a staircase to the Snake Pit.
 12959 | Lair:2   | Reached * piety under Vehumet
 12959 | Lair:2   | Offered knowledge of Foxfire by Vehumet.
 12962 | Lair:2   | Learned a level 1 spell: Foxfire
 13221 | Lair:2   | Noticed a necromancer
 13231 | Lair:2   | Killed a necromancer
 13810 | Lair:3   | Reached skill level 13 in Air Magic
 13971 | Lair:3   | Reached XP level 12. HP: 76/76 MP: 17/26
 14362 | Lair:3   | Reached ** piety under Vehumet
 14467 | Lair:3   | Offered knowledge of Scorch by Vehumet.
 14508 | Lair:3   | Found a staircase to the Swamp.
 14534 | Lair:3   | Noticed Sonja
 14536 | Lair:3   | Killed Sonja
 14627 | Lair:3   | Found a runed translucent gate.
 14627 | Lair:3   | Found a runed translucent gate.
 14647 | Lair:3   | Noticed a seven-headed hydra
 14651 | Lair:3   | Killed a seven-headed hydra
 14683 | Lair:3   | Noticed spaghetti's ghost (journeyman NaCK)
 14801 | Lair:3   | Reached skill level 10 in Fighting
 14913 | Lair:3   | Found a runed translucent gate.
 15258 | Lair:3   | Reached skill level 14 in Air Magic
 15763 | Lair:3   | Reached skill level 10 in Spellcasting
 15974 | Lair:3   | Learned a level 2 spell: Scorch
 16177 | Lair:4   | Noticed a skyshark
 16182 | Lair:4   | Killed a skyshark
 16274 | Lair:4   | Identified the +0 buckler of Bujidinn {Regen+}
 16349 | Lair:5   | Entered Level 5 of the Lair of Beasts
 16356 | Lair:4   | Noticed a skyshark
 16409 | Lair:4   | HP: 3/79 [wolf (10)]
 16525 | Lair:4   | Noticed a four-headed hydra
 16606 | Lair:4   | Learned a level 3 spell: Dazzling Flash
 16610 | Lair:4   | Learned a level 3 spell: Hailstorm
 16741 | Lair:4   | Slain by an elephant

Illustrated notes

Levels and vault maps discovered:
D:1:      dpeg_arrival_signposts, layout_basic, chequers_ecumenical_altar_twisty
D:2:      layout_basic, minivault_24, kennysheep_generic_room_8
D:3:      layout_rooms, mainiacjoe_overflow_catwalk, serial_bayou_pond_d,
          kennysheep_generic_room_14
D:4:      layout_layer_cave, nicolae_hepliaklqana_monster_ancestors,
          grunt_gozag_breadcrumbs, minmay_mini_jars, uniq_ijyb, uniq_eustachio
D:5:      layout_loops_ring, yredelemnul_forgotten_temple_becter,
          nicolae_uskayaw_en_pointe, nicolae_sif_muna_little_library,
          cheibrodos_sewer_entry_bend, serial_shops, kennysheep_mini,
          minmay_diced_spiral
D:6:      layout_basic, mainiacjoe_overflow_chevrons,
          nicolae_overflow_hidden_temple, uniq_edmund
D:7:      layout_basic, minmay_temple_entry_offerings, serial_park_tiny_pond
D:8:      layout_rooms, nicolae_tso_besieged_by_evil,
          mainiacjoe_overflow_alcove_2, lair_entry_dummy, serial_shops,
          nicolae_shop_advertising_works [nicolae_subvault_shop_adworks]
D:9:      nicolae_cairo_tiling, layout_gridville, lemuel_round_altar,
          nicolae_overflow_squiral, guppyfry_shop_venom
D:10:     layout_cave_pods, mainiacjoe_overflow_boulevard, slow_altar_2,
          mainiacjoe_overflow_paths, orc_0_dummy,
          hangedman_abyss_or_decor_stabs, dreamdust_princess_corridor
Temple:   hellmonk_temple_flake
Lair:1:   layout_cellular_growth
Lair:2:   layout_long_grid, dummy_snake_entry, serial_forest,
          infiniplex_forest_corner_1, infiniplex_forest_lined_2,
          infiniplex_forest_clump_diagonal, infiniplex_forest_straight_3,
          infiniplex_forest_clump_curved, infiniplex_forest_straight_4,
          infiniplex_forest_end_3, infiniplex_forest_lined_ring,
          eino_house_with_fridge
Lair:3:   layout_regular_city, swamp_mist, gammafunk_ghost_icy, minivault_23,
          uniq_sonja
Lair:4:   layout_regular_city, grunt_megastairs_1
Lair:5:   gammafunk_lair_ancient_temple, layout_cave_pods, slime_entry_2

Skill      XL: |  1  2  3  4  5  6  7  8  9 10 11 12 |
---------------+-------------------------------------+-----
Conjurations   | 2 3 4 5 7 8 |  8.0
Fighting       | 1 2 3 5 6 7 9 10 | 10.8
Air Magic      | 5 6 7 8 10 11 13 14 | 14.6
Spellcasting   | 3 4 5 6 7 9 10 | 10.3
Stealth        | 4 6 8 |  8.0
Dodging        | |  2.5

Action                     |  1- 3 |  4- 6 |  7- 9 | 10-12 || total
---------------------------+-------+-------+-------+-------++-------
  Melee: Spear             |    33 |   117 |   113 |       ||   263
         Kick              |     5 |    21 |    72 |    51 ||   149
         Peck              |     3 |    14 |    39 |    33 ||    89
         Punch             |       |     2 |     1 |     9 ||    12
         Flail             |       |       |    69 |    78 ||   147
         Hand axe          |       |       |       |    59 ||    59
  Throw: Dart              |       |     1 |     3 |       ||     4
   Cast: Shock             |    43 |    74 |   167 |    61 ||   345
         Searing Ray       |       |       |       |    27 ||    27
         Airstrike         |       |       |       |   172 ||   172
         Static Discharge  |       |       |       |     5 ||     5
         Swiftness         |       |       |       |     5 ||     5
         Foxfire           |       |       |       |     4 ||     4
         Dazzling Flash    |       |       |       |     4 ||     4
         Scorch            |       |       |       |     2 ||     2
         Hailstorm         |       |       |       |     1 ||     1
Ability: Evoke Blink       |       |       |       |     3 ||     3
  Evoke: Wand              |       |       |       |     4 ||     4
    Use: Scroll            |     6 |     9 |     6 |    10 ||    31
         Potion            |       |     3 |     4 |    10 ||    17
   Stab: Sleeping          |     5 |     7 |     5 |     2 ||    19
         Distracted        |       |       |     1 |     2 ||     3
         Invisible         |       |       |     2 |       ||     2
 Armour: Robe              |     7 |    30 |       |       ||    37
         Troll leather arm |       |    12 |   121 |   226 ||   359
  Dodge: Dodged            |    11 |    73 |   250 |   520 ||   854
